groovejumper, chaotic female elven Wizard -------- ---------- ------ |.......###################################|........| #.....| |......| ------------ #|.........# #|....| |.......#%# |.....(....| #--.-------# #|....| |......| # |..........| #### # #|....| ------.- ### |...>......| # # #------ # # #-..........| ### # # # ###---.--.----- # # # # # # ####@)o############## ### # # ### # ### # -.-.------ ### # # # # ### |........| #-----# ### # #%# # ##.........| #|...|# # # # -.---- # |........| #|...|# ----------+-# ### |....| ### |).......| #|...|# |..........|# # |.(..| # |........| #.....# |..........|# ##+....+###### ---------- |...| |.`.........# ------ ----- |.....<....| ------------ groovejumper the Conjurer Experience level: 4 Strength: 11 Dexterity: 15 Constitution: 12 Intelligence: 17 Wisdom: 10 Charisma: 12 Health: 0(9) Energy: 0(31) AC: 5 Gold: 790 Moves: 3298 Your Inventory: Coins $ - 790 gold pieces Weapons a - a blessed +1 quarterstaff (weapon in hands) Armor b - an uncursed +0 cloak of magic resistance (being worn) z - an [uncursed] +0 leather armor (being worn) B - an [uncursed] +0 pair of elven boots (being worn) Comestibles p - 4 [uncursed] food rations r - 2 [uncursed] cloves of garlic Scrolls i - an uncursed scroll of enchant armor j - an uncursed scroll of enchant weapon k - an uncursed scroll of remove curse o - an [uncursed] scroll labeled HACKEM MUCHE [of gold detection] t - 3 [uncursed] scrolls labeled KERNOD WEL [of teleportation] D - an [uncursed] scroll labeled VELOX NEB [of destroy armor] M - an [uncursed] scroll labeled GHOTI [of identify] Spellbooks l - a blessed spellbook of force bolt G - an [uncursed] spellbook of extra healing Potions f - an uncursed potion of invisibility g - an uncursed potion of levitation Rings d - an uncursed ring of regeneration e - an uncursed ring of polymorph control q - a [cursed -2] twisted ring [of increase accuracy] s - a [cursed] diamond ring [of fire resistance] u - an [uncursed] black onyx ring [of sustain ability] y - an [uncursed] jacinth ring [of stealth] H - an [uncursed] ivory ring [of teleport control] Wands c - an uncursed wand of light (0:12) E - an [uncursed] plastic wand [of magic missile (0:5)] Tools L - an [uncursed] tinning kit [0:31] Spells known in the end: Name Level Category Fail Memory a - force bolt 1 attack 0% [|||||||.] b - sleep 1 enchantment 0% [|||||||.] c - extra healing 3 healing 93% [||||||||] Your skills at the end: Fighting Skills Weapon Skills quarterstaff [Basic / Expert] Spellcasting Skills attack spells [Basic / Expert] enchantment spells [Basic / Skilled] Final Attributes: You were piously aligned. Hunger level was 651. Your alignment was 25 / 26. Monster difficulty range was 1 - 5. Level difficulty was 6. You were immune to sleep. You resisted poison. You were magic-protected. You saw invisible. You had infravision. You were stealthy. Your luck was zero. You are dead. Vanquished creatures: an iron piercer 2 ravens a rope golem a rock piercer an enormous rat a rock mole a pony 2 yellow lights a violet fungus a gnome lord a gnomish wizard a wax golem a kitten a dwarf 6 rothes 2 monkeys a dwarf zombie an iguana an acid blob a coyote 9 manes a hobgoblin a giant rat 2 cave spiders a green mold 2 red molds 2 gnome zombies a gecko 3 jackals 4 goblins 4 grid bugs 6 bats a lichen 2 kobold zombies 3 newts 70 creatures vanquished. Voluntary challenges: You were an atheist. You used a wielded weapon 69 times. You read items or engraved 9 times. You put on armor 4 times. You never genocided any monsters. You never polymorphed an object. You never changed form. You used no wishes. You wrote Elbereth's name 5 times. You never encountered a bones level. You never used any Sokoban shortcuts. Dungeon overview: The Dungeons of Doom: levels 1 to 7 Level 1 a long staircase Level 2 a delicatessen a long staircase Level 3 an armor shop Level 4 some fountains Level 5 an armor shop Level 6 <- You were here History has recorded: On T:1 you entered the Dungeons of Doom to retrieve the Amulet of Yendor! On T:729 you reached level 2 of The Dungeons of Doom. On T:732 you advanced to experience level 2. On T:948 you advanced to experience level 3. On T:1179 you advanced to experience level 4. On T:1200 you reached level 3 of The Dungeons of Doom. On T:1607 you reached level 4 of The Dungeons of Doom. On T:1644 you advanced to experience level 5. On T:1971 you reached level 5 of The Dungeons of Doom. On T:1974 you advanced to experience level 6. On T:2476 you reached level 6 of The Dungeons of Doom. On T:2595 you advanced to experience level 7. On T:3054 you reached level 7 of The Dungeons of Doom. Latest messages: [4 turns] You hit the Uruk-hai! The Uruk-hai hits! [HP-7=13] You hit the Uruk-hai. You hit the Uruk-hai! The Uruk-hai turns to flee! The Uruk-hai drinks an ochre potion! The Uruk-hai looks completely healed. [HP+1=14] You hit the Uruk-hai. The Uruk-hai throws a thirsty throwing star! The thirsty throwing star drains your life! Goodbye level 6. [HP-9=5] You hit the Uruk-hai! [HP+1=6] You hit the Uruk-hai! The Uruk-hai throws a thirsty throwing star! The thirsty throwing star drains your life! Goodbye level 5. You die... Final status: Goodbye groovejumper the Wizard... You died in The Dungeons of Doom on dungeon level 6 with 4137 points, and 790 pieces of gold, after 3298 moves. You were level 4 with a maximum of 9 hit points when you died.